 Dungeon Crawl Stone Soup version 0.25-a0-1079-g858b6a6ff6 (webtiles) character file.

Game seed: 17047813493401528169, levelgen mode: classic

7646 Amnesiac the Archer (level 10, -4/59 HPs)
             Began as a Deep Elf Fighter on May 15, 2020.
             Was an Elder of Okawaru.
             Slain by a spiny frog (16 damage)
             ... on level 2 of the Lair of Beasts.
             The game lasted 00:26:50 (13761 turns).

Amnesiac the Archer (Deep Elf Fighter)             Turns: 13761, Time: 00:26:50

Health: -4/59      AC: 14    Str: 16    XL:     10   Next: 99%
Magic:  18/18      EV: 15    Int: 14    God:    Okawaru [****..]
Gold:   783        SH:  0    Dex: 19    Spells: 1/9 levels left

rFire    + . .     SeeInvis .   a - +0 dagger (elec)
rCold    + . .     Gourm    .   (no shield)
rNeg     . . .     Faith    .   E - +1 ring mail "Hero's Friend" {Dex+5}
rPois    .         Spirit   .   t - +1 helmet
rElec    .         Reflect  .   I - scarf {rC+ rF+}
rCorr    .         Harm     .   h - +0 pair of gloves
MR       +....                  (no boots)
Stlth    ..........             (no amulet)
HPRegen  0.19/turn              j - ring of flight
MPRegen  0.16/turn              B - +4 ring of protection

@: confused, lethally poisoned (-4 -> -10), very slightly contaminated,
invisible
A: no striking features
a: Heroism, Renounce Religion, Evoke Flight


You were on level 2 of the Lair of Beasts.
You worshipped Okawaru.
Okawaru was greatly pleased with you.
You were hungry.

You visited 3 branches of the dungeon, and saw 13 of its levels.
You also visited: Sewer.

You collected 783 gold pieces.

Inventory:

Hand Weapons
 a - a +0 dagger of electrocution (weapon)
 b - a +0 shortbow
 A - a +1 spear of venom
Missiles
 g - 172 arrows
 M - 21 poisoned darts (quivered)
Armour
 c - a +0 kite shield
 h - a +0 pair of gloves (worn)
 t - a +1 helmet (worn)
 E - the +1 ring mail "Hero's Friend" (worn) {Dex+5}
   (You found it on level 6 of the Dungeon)

   It affects your dexterity (+5).
 I - a scarf of resistance (worn)
Jewellery
 j - a ring of flight (left hand)
 B - a +4 ring of protection (right hand)
 C - an uncursed ring of wizardry
Wands
 H - a wand of random effects (7)
 J - a wand of flame (69)
Scrolls
 e - 4 scrolls of identify {!r}
 l - a scroll of enchant armour {!r}
 m - 3 scrolls of magic mapping {!r}
 r - a scroll of teleportation {!r}
 s - a scroll of blinking {!r}
 u - 8 scrolls of remove curse {!r}
 G - 2 scrolls of enchant weapon {!r}
 N - a scroll of torment {!r}
 P - a scroll of fog {!r}
Potions
 d - 4 potions of might {!q}
 i - 3 potions of magic {!q}
 k - 4 potions of haste {!q}
 o - 2 potions of flight {!q}
 p - 2 potions of mutation {!q}
 q - a potion of curing {!q}
 v - a potion of stabbing {!q, unknown}
 x - a potion of invisibility {!q}
 z - 2 potions of cancellation {!q}
 F - a potion of brilliance {!q}
 O - a potion of resistance {!q}
Comestibles
 f - 22 rations


   Skills:
 - Level 5.0 Fighting
   Level 2.0 Axes
 * Level 11.9 Bows
 - Level 5.0 Armour
 - Level 6.0 Dodging
 - Level 2.5 Shields
 + Level 0.3 Spellcasting
 - Level 8.0 Invocations
 + Level 5.2 Evocations


You had one spell level left.
You knew the following spells:

 Your Spells              Type           Power        Failure   Level  Hunger
a - Frozen Ramparts       Ice            #.....       83%         3    ####...
e - Mephitic Cloud        Conj/Pois/Air  #.......     83%         3    ####...
v - Blink                 Tloc           N/A          58%         2    ###....

Your spell library contained the following spells:

 Spells                   Type           Power        Failure   Level  Hunger
 Freeze                   Ice            #...         45%         1    ##.....
 Magic Dart               Conj           #...         45%         1    ##.....
 Call Imp                 Summ           #.......     58%         2    ###....
 Searing Ray              Conj           #.....       58%         2    ###....
 Slow                     Hex            #.......     58%         2    ###....
 Conjure Flame            Conj/Fire      #.......     83%         3    ####...
 Dazzling Flash           Conj/Hex       #.....       83%         3    ####...
 Ozocubu's Armour         Chrm/Ice       #.......     83%         3    ####...
 Fulminant Prism          Conj/Hex       #.........   99%         4    #####..
 Hailstorm                Conj/Ice       #.......     99%         4    #####..
 Iskenderun's Mystic Bla  Conj/Tloc      #.......     99%         4    #####..
 Summon Ice Beast         Ice/Summ       #.......     99%         4    #####..


Dungeon Overview and Level Annotations

Branches:
Dungeon (10/15)            Temple (1/1) D:4            Lair (2/6) D:9
  Sewer (visited)
  Swamp: Lair:2-4    Shoals: Lair:2-4     Snake: Lair:2-4    Spider: Lair:2-4
    Orc: D:9-12

Altars:
Ashenzari
Cheibriados
Dithmenos
Elyvilon
Fedhas
Gozag
Hepliaklqana
Kikubaaqudgha
Makhleb
Nemelex Xobeh
Okawaru
Qazlal
Sif Muna
Trog
Uskayaw
Vehumet
Wu Jian
Xom
Yredelemnul
Zin
The Shining One

Shops:
D:9 (

Annotations:
D:10 Erolcha


Message History

The water moccasin bites you but does no damage.
The water moccasin closely misses you.
The water moccasin bites you but does no damage.
There is an open door here.
You feel sick.
The water moccasin bites the fungus!
The fungus looks as sick as possible!
The water moccasin poisons the fungus!
The water moccasin completely misses you.
You see here 2 arrows.
You miss the water moccasin.
The water moccasin is heavily wounded.
You feel sick.
The water moccasin bites the fungus.
The water moccasin barely misses you.
You closely miss the water moccasin.
The water moccasin is heavily wounded.
The water moccasin bites you but does no damage.
The water moccasin barely misses you.
Really quaff
q - 2 potions of curing {!q}?
You feel better.
The hippogriff bites the fungus.
The hippogriff pecks the fungus!
The fungus is destroyed!
The water moccasin misses you. The water moccasin barely misses you.
Okay, then.
Okay, then.
Really quaff
x - 2 potions of invisibility {!q}?
You fade into invisibility!
The water moccasin closely misses you. The water moccasin misses you.
The water moccasin bites you but does no damage. x2
The hippogriff bites you.
* * * LOW HITPOINT WARNING * * *
The hippogriff closely misses you. The hippogriff claws you!
* * * LOW HITPOINT WARNING * * *
You are very lightly contaminated with residual magic.
Okay, then.
Unknown command.
You hit the water moccasin.
The water moccasin is heavily wounded.
The water moccasin completely misses you.
The water moccasin barely misses you. x2
The water moccasin closely misses you. The water moccasin misses you.
Okay, then.
You hit the water moccasin.
Lightning courses through the water moccasin!
The water moccasin is almost dead.
You hit the water moccasin.
The water moccasin is almost dead.
The water moccasin bites you but does no damage.
The water moccasin barely misses you.
You hit the water moccasin.
You kill the water moccasin!
Okawaru accepts your kill. The water moccasin closely misses you.
Unknown command.
Evoke which item? (* to show all) (? for menu, Esc to quit)
Okay, then.
Really quaff
L - a potion of ambrosia {!q}?
You are confused.
You feel invigorated. The water moccasin bites you.
* * * LOW HITPOINT WARNING * * *
You are poisoned.
The water moccasin poisons you!
The water moccasin bites you but does no damage.
You bump into the stone wall.
You feel sick. The spiny frog stings you!
You die...

..[............+.........
.......#......#.......... #.#.
....).#......#....(.#..
#..###+...........P........#
##........................#.#
..................P........#
###......##(..##....+......#
#.#......P......'(..#..(...#
#.......PP....@#FH(P.(##.##.
##.<....#....FS#.S(((....(.(#
#.......#.#..PH...........((#
#...........................(.
#.>..........####.####.....###
#.............# ### .....P#
##...........## .....##
##...........P# ......
#P............# .....


You could see a hippogriff, a spiny frog and a water moccasin.

Vanquished Creatures
  A two-headed ogre (D:9)
  A black mamba (Lair:1)
  Maurice (D:9)
  A komodo dragon (Lair:1)
  A troll (D:9)
  A hornet (D:9)
  A hippogriff (D:7)
  4 yaks
  A water moccasin (Lair:2)
  4 porcupines
  4 orc warriors
  A necrophage (D:8)
  2 black bears
  An ice beast (D:8)
  A phantom (D:8)
  2 centaurs
  4 ogres
  5 big kobolds (Sewer)
  A crocodile (Lair:1)
  9 bullfrogs
  A wyvern zombie (D:9)
  5 scorpions
  6 killer bees
  3 howler monkeys (D:8)
  3 crimson imps
  3 centaur zombies
  A bullfrog zombie (D:6)
  A bullfrog skeleton (D:5)
  2 hounds
  5 jellies
  9 orc priests
  2 orc wizards
  2 iguanas
  Ijyb (D:5)
  7 worker ants
  A killer bee zombie (D:7)
  A hound zombie (D:5)
  A hound skeleton (D:4)
  Robin (D:3)
  A howler monkey skeleton (D:9)
  18 adders
  3 gnolls (D:6)
  2 river rats (Sewer)
  A shadow imp (D:7)
  10 oozes
  An adder zombie (D:5)
  5 worms
  2 dart slugs
  11 leopard geckos
  35 orcs
  6 ball pythons
  A giant cockroach (D:2)
  17 goblins
  6 hobgoblins
  9 jackals
  6 quokkas
  9 bats
  7 frilled lizards
  7 kobolds
  A leopard gecko zombie (D:6)
  2 quokka skeletons (D:5)
  A quokka zombie (D:6)
  14 rats
  4 fungi (D:9)
  2 plants (D:9)
282 creatures vanquished.

Vanquished Creatures (others)
  An orc (D:8)
  9 fungi
  A plant (D:9)
11 creatures vanquished.

Grand Total: 293 creatures vanquished

Notes
Turn   | Place    | Note
-------+----------+-------------------------------------------
     0 | D:1      | Amnesiac the Deep Elf Fighter began the quest for the Orb.
     0 | D:1      | Reached XP level 1. HP: 13/13 MP: 3/3
   433 | D:1      | Reached XP level 2. HP: 18/18 MP: 4/4
   554 | D:1      | Reached skill level 1 in Dodging
   748 | D:2      | Reached XP level 3. HP: 10/22 MP: 5/5
  1154 | D:2      | Found a faded altar of an unknown god.
  1599 | D:2      | Found a burning altar of Makhleb.
  1620 | D:2      | Noticed a blizzard demon
  1681 | D:2      | Reached XP level 4. HP: 7/28 MP: 6/6
  1988 | D:2      | Found a glowing golden altar of the Shining One.
  2016 | D:2      | Found a stormy altar of Qazlal.
  2016 | D:2      | Found a hide-covered altar of Uskayaw.
  2482 | D:3      | Noticed Robin
  2503 | D:3      | Killed Robin
  2631 | D:3      | Reached XP level 5. HP: 20/32 MP: 7/7
  2840 | D:4      | Noticed an ogre
  2850 | D:4      | Killed an ogre
  2869 | D:4      | Reached XP level 6. HP: 20/38 MP: 8/8
  2915 | D:4      | Found a staircase to the Ecumenical Temple.
  2992 | Temple   | Entered the Ecumenical Temple
  3075 | Temple   | Became a worshipper of Warmaster Okawaru
  3158 | D:4      | Found a glowing drain.
  3328 | Sewer    | Entered a sewer
  3590 | Sewer    | Reached XP level 7. HP: 27/43 MP: 9/9
  3746 | Sewer    | Reached skill level 5 in Dodging
  4116 | D:4      | Reached skill level 1 in Invocations
  4116 | D:4      | Reached skill level 1 in Evocations
  4222 | D:4      | You fall into a shaft and drop 2 floors!
  4233 | D:6      | Reached XP level 8. HP: 42/48 MP: 9/11
  4253 | D:6      | Found a white marble altar of Elyvilon.
  4469 | D:6      | Reached skill level 1 in Bows
  4496 | D:6      | Reached * piety under Okawaru
  4536 | D:5      | Entered Level 5 of the Dungeon
  4610 | D:4      | Found an ornate altar of the Wu Jian Council.
  4970 | D:5      | Noticed Ijyb
  4981 | D:5      | Paralysed by Ijyb for 3 turns
  4985 | D:5      | Killed Ijyb
  4985 | D:5      | Reached skill level 5 in Armour
  5071 | D:5      | Found an opulent altar of Gozag.
  5127 | D:5      | Found a hazy altar of Hepliaklqana.
  5149 | D:5      | Reached skill level 5 in Fighting
  5173 | D:5      | Reached skill level 2 in Bows
  6030 | D:5      | Reached skill level 3 in Bows
  6496 | D:5      | Reached skill level 4 in Bows
  6593 | D:6      | Found a blossoming altar of Fedhas.
  6809 | D:6      | Got a faintly humming ring mail
  6896 | D:6      | Reached skill level 5 in Bows
  7695 | D:6      | Reached XP level 9. HP: 54/54 MP: 14/14
  7776 | D:6      | Reached ** piety under Okawaru
  8195 | D:7      | Reached skill level 6 in Bows
  8295 | D:7      | Reached skill level 5 in Invocations
  8318 | D:7      | Identified the +1 ring mail "Hero's Friend" {Dex+5} (You
                  | found it on level 6 of the Dungeon)
  8723 | D:7      | Reached skill level 7 in Bows
  9170 | D:8      | Reached skill level 8 in Bows
  9225 | D:8      | Found a radiant altar of Vehumet.
  9391 | D:8      | Found a shadowy altar of Dithmenos.
  9512 | D:8      | Reached *** piety under Okawaru
 10330 | D:9      | Found a bloodstained altar of Trog.
 10387 | D:9      | Reached skill level 9 in Bows
 10484 | D:9      | Found an ancient bone altar of Kikubaaqudgha.
 10641 | D:9      | Reached XP level 10. HP: 52/57 MP: 16/16
 10719 | D:9      | Found Irulua's Weapon Shoppe.
 10792 | D:9      | Paralysed by a hornet for 3 turns
 11419 | D:9      | Found a staircase to the Lair.
 11429 | D:9      | Received a gift from Okawaru
 11448 | D:9      | Noticed Maurice
 11466 | D:9      | Killed Maurice
 11466 | D:9      | Reached skill level 10 in Bows
 11781 | D:10     | Entered Level 10 of the Dungeon
 11781 | D:10     | Noticed a two-headed ogre
 11788 | D:10     | Noticed Erolcha
 11810 | D:9      | Killed a two-headed ogre
 11810 | D:9      | Reached **** piety under Okawaru
 12227 | D:9      | Reached skill level 11 in Bows
 12447 | Lair:1   | Entered Level 1 of the Lair of Beasts
 12532 | Lair:1   | Received a gift from Okawaru
 13113 | Lair:1   | Noticed a black mamba
 13119 | Lair:1   | Killed a black mamba
 13119 | Lair:1   | Reached skill level 5 in Evocations
 13375 | Lair:1   | Learned a level 2 spell: Blink
 13646 | Lair:1   | Learned a level 3 spell: Frozen Ramparts
 13650 | Lair:1   | Learned a level 3 spell: Mephitic Cloud
 13733 | Lair:2   | Noticed a spiny frog
 13761 | Lair:2   | Slain by a spiny frog

Illustrated notes

Levels and vault maps discovered:
D:1:      evilmike_arrival_rings, layout_loops_cross
D:2:      layout_basic, grunt_temple_overflow_open,
          chequers_ecumenical_altar_simple_redux, amethyst_killhole,
          serial_park_tiny_2, makhleb_altar_promises_db
D:3:      layout_basic, uniq_robin
D:4:      cheibrodos_pilgrimage, layout_rooms, kennysheep_mini,
          minmay_temple_entry_statues_pillars, gup_sewer_entry_bowl
D:5:      kennysheep_windowed_halls, layout_basic, overflow_temple_1_default,
          grunt_gozag_breadcrumbs, first_ration, minmay_misc_feat_cross,
          minmay_misc_feat_secret_circle, uniq_ijyb
D:6:      layout_loops_corners, kennysheep_mini_moat,
          nicolae_overflow_crystal_walls
D:7:      layout_basic
D:8:      layout_loops_ring, fiery_altar_vehumet, kennysheep_little_box,
          hangedman_little_slice_of_home
D:9:      layout_long_grid, grunt_lair_entry_orc_guard_hut, basic_altar,
          serial_shops, nicolae_shop_trees, st_stairs_12,
          trog_three_pillars_becter, uniq_maurice
D:10:     layout_roguey, uniq_erolcha
Temple:   hc_temple_tempest_star
Lair:1:   layout_regular_city
Lair:2:   layout_chaotic_city, guppyfry_snake_entry_garden,
          portal_ice_cave_entry_ice_beasts

Skill      XL: |  1  2  3  4  5  6  7  8  9 10 |
---------------+-------------------------------+-----
Axes           | 2 |  2.0
Dodging        | 1 2 3 4 5 6 |  6.0
Fighting       | 3 4 5 |  5.0
Armour         | 3 4 5 |  5.0
Invocations    | 1 3 6 8 |  8.0
Evocations     | 1 4 5 |  5.2
Bows           | 5 9 11 | 11.9
Shields        | |  2.5
Spellcasting   | |  0.3

Action                   |  1- 3 |  4- 6 |  7- 9 | 10-12 || total
-------------------------+-------+-------+-------+-------++-------
Melee: War axe           |   130 |   136 |   137 |    27 ||   430
       Short sword       |       |    97 |   113 |       ||   210
       Dagger            |       |       |   317 |    46 ||   363
       Spear             |       |       |   225 |   117 ||   342
 Fire: Shortbow          |       |       |       |    22 ||    22
Throw: Dart              |       |    23 |    95 |    56 ||   174
Evoke: Wand              |       |       |     5 |     4 ||     9
  Use: Potion            |     1 |     2 |     6 |     5 ||    14
       Scroll            |       |       |     5 |    13 ||    18
 Stab: Sleeping          |       |       |     1 |       ||     1
       Paralysed         |       |       |       |    10 ||    10
  Eat: Chunk             |     3 |     6 |    25 |     9 ||    43
Armor: Scale mail        |    53 |   126 |   184 |       ||   363
       Ring mail         |       |       |    56 |    60 ||   116
       Skin              |       |       |    23 |       ||    23
Dodge: Dodged            |    41 |    89 |   286 |   101 ||   517
Block: Kite shield       |    72 |   115 |   318 |    72 ||   577

Table legend:
 A = Non-vault XP
 B = Vault XP
 C = Vault XP percentage of total XP
 D = Non-vault monster count
 E = Vault monster count
 F = Vault count percentage of total count
                 A         B        C        D         E       F
            +---------+---------+-------+---------+---------+-------
      Total |    8411 |    2512 |  23.0 |     199 |      77 |  27.9
            +---------+---------+-------+---------+---------+-------
        D:1 |      29 |       0 |   0.0 |      16 |       0 |   0.0
        D:2 |     103 |       0 |   0.0 |      30 |       0 |   0.0
        D:3 |      92 |      32 |  25.8 |      19 |      12 |  38.7
        D:4 |     301 |      62 |  17.1 |      17 |       8 |  32.0
        D:5 |     149 |     658 |  81.5 |      10 |      15 |  60.0
        D:6 |     761 |       0 |   0.0 |      27 |       0 |   0.0
        D:7 |     987 |       7 |   0.7 |      22 |       1 |   4.3
        D:8 |    1078 |     155 |  12.6 |      23 |       7 |  23.3
        D:9 |    2499 |     993 |  28.4 |      22 |       6 |  21.4
       D:10 |     137 |       0 |   0.0 |       1 |       0 |   0.0
     Temple |     112 |       0 |   0.0 |       1 |       0 |   0.0
     Lair:1 |    2016 |       0 |   0.0 |      10 |       0 |   0.0
     Lair:2 |     147 |       0 |   0.0 |       1 |       0 |   0.0
      Sewer |       0 |     605 | 100.0 |       0 |      28 | 100.0
            +---------+---------+-------+---------+---------+-------
